 Dungeon Crawl Stone Soup version 0.14.0-26-g1682e81 (webtiles) character file.

3445 Heini the Cleaver (level 9, -3/81 HPs)
             Began as a Hill Orc Fighter on Apr 28, 2014.
             Was a Priest of Okawaru.
             Slain by Gastronok (28 damage)
             ... on Level 9 of the Dungeon.
             The game lasted 00:27:56 (6646 turns).

Heini the Cleaver (Hill Orc Fighter)                Turns: 6646, Time: 00:27:56

HP  -3/81        AC 18     Str 22      XL: 9   Next: 91%
MP   9/9         EV  7     Int  8      God: Okawaru [***...]
Gold 336         SH 18     Dex 10      Spells:  0 memorised,  8 levels left

rFire  . . .     SeeInvis .     b - +0,+1 war axe
rCold  . . .     Clarity  .     e - +4 scale mail {rPois}
rNeg   + . .     Conserve .     w - +0 shield
rPois  +         rCorr    .     g - +1 hat
rElec  .         rRot     .     D - +2 cloak {+Inv}
SustAb . .       Spirit   .     E - +0 pair of gloves
rMut   .         Warding  .     (no boots)
Saprov + . .     Stasis   .     C - amulet of faith
MR     .....                    G - ring of positive energy {unknown}
                                c - ring of regeneration

@: slowed, very slow, not resistant to hostile enchantments, extremely
unstealthy
A: saprovore 1
a: Heroism, Renounce Religion, Evoke Invisibility


You were on level 9 of the Dungeon.
You worshipped Okawaru.
Okawaru was most pleased with you.
You were very hungry.

You visited 2 branches of the dungeon, and saw 10 of its levels.

You collected 448 gold pieces.
You spent 112 gold pieces at shops.

Inventory:

Hand weapons
 b - a +0,+1 war axe (weapon)
Armour
 e - a +4 scale mail of poison resistance (worn)
 g - a +1 hat (worn)
 m - a +0 plate armour
 w - a +0 shield (worn)
 D - a +2 cloak of darkness (worn)
 E - a +0 pair of gloves (worn)
Magical devices
 p - a wand of paralysis (11)
 y - a wand of lightning (1)
 H - a wand of frost (4)
Comestibles
 a - 2 slices of pizza
 d - 2 meat rations
 h - 2 chokos
 j - 5 bread rations
 n - a lychee
 o - a sausage
 q - 3 pears
 s - 10 grapes
 t - 2 apples
Scrolls
 f - 7 scrolls of remove curse
 l - 2 scrolls of recharging
 x - 2 scrolls of enchant weapon II
 M - a scroll of fog
Jewellery
 c - a ring of regeneration (left hand)
 u - an uncursed amulet of resist mutation {unknown}
 C - an amulet of faith (around neck)
 G - a ring of positive energy (right hand) {unknown}
 J - an uncursed amulet of rage {unknown}
Potions
 i - a potion of porridge
 k - a potion of heal wounds
 r - a potion of poison {unknown}
 v - a potion of curing
 A - a potion of brilliance {unknown}
 B - a potion of restore abilities {unknown}
 F - a potion of haste {unknown}


   Skills:
 * Level 8.1 Fighting
 * Level 12.3 Axes
 * Level 8.8 Armour
 - Level 3.2 Shields
 + Level 0.6 Invocations


You had 8 spell levels left.
You didn't know any spells.

Dungeon Overview and Level Annotations

Branches:
Dungeon (9/15)             Temple (1/1) D:4
    Orc: D:9-12        Lair: D:8-11

Altars:
Ashenzari
Cheibriados
Dithmenos
Elyvilon
Fedhas
Kikubaaqudgha
Makhleb
Nemelex Xobeh
Okawaru
Sif Muna
Trog
Vehumet
Xom
Yredelemnul
Zin
The Shining One

Shops:
D:4 [   D:7 [

Annotations:
D:9 Gastronok


Innate Abilities, Weirdness & Mutations

You can tolerate rotten meat.


Message History

Gastronok wobbles crazily.
The troll skeleton bites you but does no damage.
The troll skeleton barely misses you. You block the troll skeleton's attack.
You barely miss the troll skeleton. You hit Gastronok.
Gastronok is lightly wounded.
The troll skeleton bites you but does no damage.
The troll skeleton barely misses you.
The troll skeleton claws you but does no damage.
Gastronok bites you!
You completely miss the troll skeleton. You hit Gastronok but do no damage.
Gastronok is lightly wounded.
The troll skeleton bites you but does no damage.
You block the troll skeleton's attack.
The troll skeleton claws you but does no damage.
You hit Gastronok.
Gastronok is moderately wounded.
You slash the troll skeleton! The troll skeleton bites you!
The troll skeleton claws you! The troll skeleton claws you.
Gastronok bites you!
You die...

. ## ..##### ..#..#.....
.... .....# ...# .....#.
#+#..##....... #.#...
....... #.#.###Z.......
#.....@j.......
###########.#.#######...#
..............#
............###
...............#
.#############.# .# # .#
.#


You could see Gastronok and a troll skeleton.

Vanquished Creatures
  The ghost of Heini the Cleaver, an experienced HOFi (D:6)
  A hungry ghost (D:8)
  Edmund (D:6)
  A water moccasin (D:8)
  A phantom (D:8)
  A sky beast (D:8)
  2 big kobolds
  An ice beast (D:7)
  4 ogres
  Sigmund (D:6)
  2 giant frogs
  A gnoll sergeant (D:8)
  A water moccasin skeleton (D:6)
  A scorpion (D:3)
  10 wights (D:7)
  2 orc priests (D:4)
  2 crimson imps
  A gnoll shaman (D:4)
  A giant frog skeleton (D:5)
  2 iguanas
  2 hounds
  An orc wizard (D:4)
  3 worker ants (D:4)
  An ogre skeleton (D:8)
  Terence (D:2)
  A worker ant zombie (D:5)
  8 adders
  15 gnolls
  An inept feature mimic (D:7)
  An inept item mimic (D:7)
  2 worms
  An adder zombie (D:5)
  4 giant geckos
  2 oozes
  19 orcs
  3 ball pythons
  11 bats
  4 giant cockroaches
  14 hobgoblins
  50 kobolds
  5 quokkas
  5 giant newts
  9 goblins
  6 jackals
  An orc skeleton (D:6)
  An orc zombie (D:6)
  A quokka zombie (D:5)
  9 rats
218 creatures vanquished.

Vanquished Creatures (others)
  A bat (D:3)
  A plant (D:6)
2 creatures vanquished.

Grand Total: 220 creatures vanquished

Notes
Turn   | Place    | Note
--------------------------------------------------------------
     0 | D:1      | Heini, the Hill Orc Fighter, began the quest for the Orb.
     0 | D:1      | Reached XP level 1. HP: 19/19 MP: 1/1
   310 | D:1      | Reached XP level 2. HP: 27/27 MP: 2/2
   340 | D:1      | Reached skill level 4 in Fighting
   528 | D:2      | Noticed Terence
   539 | D:2      | Killed Terence
   539 | D:2      | Reached XP level 3. HP: 24/33 MP: 3/3
  1178 | D:3      | Reached XP level 4. HP: 36/41 MP: 4/4
  1221 | D:3      | Noticed a scorpion
  1227 | D:3      | Killed a scorpion
  1230 | D:3      | Reached XP level 5. HP: 40/47 MP: 5/5
  1932 | D:4      | Reached skill level 5 in Armour
  1956 | D:4      | Reached skill level 5 in Axes
  2085 | D:4      | Reached XP level 6. HP: 53/55 MP: 6/6
  2168 | D:4      | Reached skill level 5 in Fighting
  2319 | D:4      | Reached skill level 6 in Axes
  2635 | D:4      | Found a staircase to the Ecumenical Temple.
  2653 | D:4      | Reached XP level 7. HP: 29/61 MP: 7/7
  2895 | Temple   | Entered the Ecumenical Temple
  2942 | Temple   | Became a worshipper of Warmaster Okawaru
  3040 | D:4      | Found Plog's Armour Shoppe.
  3096 | D:4      | Reached skill level 7 in Axes
  3372 | D:5      | Entered Level 5 of the Dungeon
  3989 | D:5      | Found a burning altar of Makhleb.
  3989 | D:5      | Found a sparkling altar of Nemelex Xobeh.
  3990 | D:5      | Found a shadowy altar of Dithmenos.
  4395 | D:6      | Reached XP level 8. HP: 62/70 MP: 8/8
  4506 | D:6      | Reached skill level 8 in Axes
  4565 | D:6      | Noticed Heini's ghost (experienced HOFi)
  4745 | D:7      | Acquired Okawaru's first power
  4835 | D:7      | Reached skill level 9 in Axes
  4836 | D:7      | Found Jiegile's Antique Armour Shop.
  4906 | D:7      | Bought a runed cloak for 112 gold pieces
  5150 | D:7      | Reached skill level 10 in Axes
  5150 | D:7      | Reached XP level 9. HP: 78/78 MP: 9/9
  5722 | D:6      | Killed Heini's ghost
  5722 | D:6      | Reached skill level 11 in Axes
  5757 | D:6      | Noticed Sigmund
  5774 | D:6      | Killed Sigmund
  5787 | D:6      | Noticed Edmund
  5798 | D:6      | Killed Edmund
  5911 | D:8      | Found a shimmering altar of Xom.
  6258 | D:8      | Reached skill level 12 in Axes
  6635 | D:9      | Noticed Gastronok
  6646 | D:9      | Slain by Gastronok

Action                   |  1- 3 |  4- 6 |  7- 9 || total
-------------------------+-------+-------+-------++-------
Melee: War axe           |    83 |   274 |   475 ||   832
Invok: Heroism           |       |       |     2 ||     2
Evoke: Wand              |       |       |     2 ||     2
  Use: Potion            |     1 |       |     1 ||     2
       Scroll            |     7 |     2 |     5 ||    14
